Map: Deathaura LE

Players

TheZergLord - Winner!

  • Race: Zerg Zerg
  • Spawn Location: 11:00

Pacomike

  • Race: Protoss Protoss
  • League: Grandmaster
  • Spawn Location: 5:00

Event: DreamHack SC2 Masters 2020 Winter

VOD

Have the link to the VOD?

Description

Time

  • Played on: Oct. 21, 2020, 4:23 p.m.
  • Length: 8:31

All games in this series

Show
View Real Time Build Order
Export as new Build Order

TheZergLord Zerg - Winner!

Build Orders: Hatch First 

Get SALT Encoding   

  12  0:00  Drone  
  13  0:13  Overlord  
  13  0:17  Drone  
  14  0:32  Drone x2  
  16  0:48  Hatchery  
  15  0:52  Drone  
  15  0:56  Drone  
  17  1:00  Drone  
  18  1:10  Extractor  
  17  1:15  Spawning Pool  
  17  1:17  Drone  
  17  1:20  Drone  
  18  1:30  Drone  
  19  1:42  Drone  
  20  1:51  Overlord  
  20  2:02  Queen x2  
  20  2:03  Zergling x4  
  26  2:11  Drone  
  26  2:12  Drone  
  26  2:13  Metabolic Boost  
  28  2:21  Drone  
  28  2:22  Drone  
  30  2:33  Hatchery  
  29  2:39  Drone  
  29  2:40  Zergling x2  
  31  2:46  Queen  
  33  2:51  Overlord  
  33  2:53  Drone  
  33  2:56  Drone  
  35  3:02  Drone  
  36  3:12  Drone x2  
  37  3:13  Overlord  
  37  3:15  Drone x3  
  40  3:24  Queen  
  41  3:29  Drone x2  
  43  3:35  Spore Crawler  
  43  3:36  Drone, Spore Crawler  
  43  3:40  Drone  
  43  3:44  Drone  
  43  3:45  Drone x2  
  46  3:48  Drone  
  46  3:49  Queen  
  46  3:54  Overlord  
  49  3:58  Overlord  
  49  4:03  Spore Crawler  
  49  4:04  Overlord  
  49  4:08  Zergling x2  
  49  4:09  Overlord x2  
  49  4:13  Zergling x2  
  49  4:14  Zergling x2  
  49  4:15  Zergling x2  
  49  4:16  Drone  
  53  4:20  Lair  
  53  4:27  Zergling x10  
  53  4:30  Zergling x4  
  60  4:35  Drone x3  
  60  4:37  Extractor  
  60  4:38  Drone, Extractor  
  62  4:40  Drone  
  62  4:44  Overlord  
  63  4:49  Drone x2  
  63  4:50  Drone x3  
  68  4:58  Drone x3  
  71  5:01  Queen  
  71  5:04  Drone  
  71  5:05  Drone  
  71  5:21  Queen  
  71  5:22  Queen  
  71  5:24  Nydus Network  
  71  5:25  Overseer  
  71  5:27  Zergling x4  
  71  5:28  Zergling x12  
  81  5:29  Zergling x2  
  82  5:37  Overlord  
  82  5:39  Zergling x6  
  82  5:40  Zergling x6  
  86  5:43  Queen  
  88  5:54  Zergling x2  
  88  5:56  Overlord x3  
  89  5:59  Queen  
  89  6:02  Nydus Canal  
  91  6:09  Spire  
  91  6:10  Zergling x10  
  95  6:17  Nydus Canal  
  95  6:24  Zergling x4  
  95  6:25  Zergling x8  
  96  6:36  Queen x2  
  96  6:37  Queen  
  100  6:40  Zergling x8  
  85  7:25  Mutalisk x7  
  85  7:26  Mutalisk  
  85  7:27  Queen x3  
  107  7:31  Zergling x2  
  107  7:32  Zergling x6  
  99  7:45  Mutalisk x2  
  96  7:58  Mutalisk  
  86  8:18  Extractor x2  
  86  8:19  Extractor  
  92  8:29  Hatchery  
Show
View Real Time Build Order
Export as new Build Order

Pacomike Protoss 

Build Orders: 1 Gate Expand 

Get SALT Encoding   

  12  0:00  Probe  
  13  0:12  Probe  
  14  0:17  Pylon  
  14  0:24  Probe (Chrono Boost)  
  15  0:36  Probe (Chrono Boost)  
  15  0:37  Gateway  
  16  0:44  Probe (Chrono Boost)  
  16  0:47  Assimilator  
  17  0:51  Probe  
  18  1:03  Probe  
  19  1:15  Probe  
  20  1:22  Nexus  
  20  1:34  Cybernetics Core  
  20  1:36  Probe  
  21  1:41  Assimilator  
  21  1:48  Probe  
  21  1:52  Pylon  
  22  2:00  Probe (Chrono Boost)  
  23  2:08  Adept (Chrono Boost)  
  23  2:12  Probe (Chrono Boost)  
  26  2:16  Probe (Chrono Boost)  
  27  2:27  Probe  
  28  2:31  Adept, Stargate  
  28  2:35  Probe (Chrono Boost)  
  31  2:38  Warp Gate  
  31  2:42  Probe (Chrono Boost)  
  32  2:48  Probe (Chrono Boost)  
  33  2:55  Probe x2 (Chrono Boost)  
  35  2:58  Assimilator  
  35  3:02  Probe  
  35  3:03  Probe  
  37  3:09  Void Ray (Chrono Boost)  
  37  3:14  Probe  
  37  3:15  Probe  
  37  3:16  Pylon  
  43  3:26  Probe  
  44  3:27  Probe  
  45  3:35  Assimilator  
  45  3:36  Pylon  
  45  3:38  Probe  
  45  3:40  Probe  
  47  3:50  Probe  
  47  3:52  Probe  
  49  4:00  Stargate  
  49  4:02  Stargate, Probe  
  50  4:04  Pylon, Probe  
  51  4:10  Void Ray (Chrono Boost)  
  51  4:11  Nexus  
  51  4:14  Probe  
  51  4:16  Probe  
  53  4:22  Pylon  
  53  4:23  Shield Battery  
  57  4:26  Probe  
  57  4:28  Probe  
  59  4:39  Probe  
  59  4:40  Probe, Void Ray (Chrono Boost)  
  59  4:43  Void Ray  
  69  4:53  Probe  
  69  4:55  Pylon, Probe  
  71  5:02  Assimilator  
  71  5:04  Assimilator  
  71  5:05  Probe  
  72  5:10  Pylon  
  72  5:12  Pylon  
  72  5:13  Adept  
  73  5:14  Probe  
  73  5:19  Probe  
  72  5:26  Probe  
  73  5:29  Probe  
  73  5:31  Probe  
  73  5:32  Fleet Beacon  
  73  5:35  Gateway  
  75  5:37  Twilight Council  
  75  5:38  Probe  
  75  5:40  Forge  
  75  5:41  Adept  
  78  5:43  Probe x2  
  80  5:50  Probe  
  80  5:55  Probe x2  
  83  5:58  Gateway  
  83  6:00  Pylon  
  83  6:02  Probe  
  83  6:03  Gateway  
  84  6:07  Probe x2  
  84  6:08  Pylon  
  86  6:14  Void Ray x2 (Chrono Boost)  
  86  6:20  Zealot  
  86  6:25  Shield Battery  
  94  6:26  Shield Battery  
  94  6:31  Zealot  
  92  6:43  Zealot  
  86  6:55  Pylon, Void Ray x2 (Chrono Boost)  
  86  7:00  Void Ray (Chrono Boost)  
  90  7:01  Shield Battery x2  
  90  7:02  Shield Battery  
  90  7:06  Pylon  
  97  7:11  Adept  
  85  7:16  Probe  
  85  7:20  Probe  
  76  7:29  Probe  
  62  7:33  Probe x2  
  57  7:37  Void Ray (Chrono Boost)  
  57  7:41  Probe (Chrono Boost)  
  62  7:47  Probe x2 (Chrono Boost)  
  64  7:53  Probe (Chrono Boost)  
  67  8:02  Zealot, Probe x3 (Chrono Boost)  
  61  8:09  Probe x2  
  61  8:10  Probe  
Tags
 
Add a new tag
Caveats
  • Supply blocks, unpowered buildings, or Contaminate may cause inaccurate times.
  • Supply counts are checked every 10 seconds.